 Dungeon Crawl Stone Soup version 0.25-a0-443-gece2dee8bd (webtiles) character file.

Game seed: 13324941223330286538, levelgen mode: deterministic

146490 Nattfarinn the Convoker (level 17, -9/135 HPs)
             Began as a Barachi Summoner on Jan 29, 2020.
             Was the Champion of Cheibriados.
             Mangled by an eight-headed hydra (15 damage)
             ... called by a spriggan druid
             ... on level 4 of the Swamp on Jan 30, 2020.
             The game lasted 03:17:57 (46847 turns).

Nattfarinn the Convoker (Barachi Summoner)         Turns: 46847, Time: 03:17:57

Health: -9/135     AC: 22    Str: 31    XL:     17   Next: 14%
Magic:  9/31       EV: 21    Int: 40    God:    Cheibriados [******]
Gold:   888        SH:  7    Dex: 29    Spells: 2/36 levels left

rFire    + . .     SeeInvis +   y - +9 spear (venom)
rCold    . . .     Gourm    .   R - +0 buckler
rNeg     + . .     Faith    .   d - +3 chain mail {rPois}
rPois    +         Spirit   .   F - +1 hat {SInv}
rElec    .         Reflect  .   N - scarf {rC+ rF+}
rCorr    .         Harm     .   T - +2 pair of gloves {Str+3}
MR       +++++     Clarity  +   g - +1 pair of boots
Stlth    ..........             A - amulet of the Four Winds {rN+ MR+++ Clar}
HPRegen  0.32/turn              S - +3 ring of strength
MPRegen  0.22/turn              Z - ring of Ecou {rC- MR++ EV+2 Int+4}

@: about to teleport, very slow
A: +LOS, swims, slowness 1, strong legs 2
}: 1/15 runes: gossamer
a: Hop, Bend Time, Temporal Distortion, Slouch, Step From Time, Renounce
Religion


You were on level 4 of the Swamp.
You worshipped Cheibriados.
Cheibriados was exalted by your worship.
You were hungry.

You visited 6 branches of the dungeon, and saw 32 of its levels.
You also visited: Ossuary and Ice Cave.

You collected 2987 gold pieces.
You spent 2099 gold pieces at shops.

Inventory:

Hand Weapons
 y - a +9 spear of venom (weapon)
Armour
 d - a +3 chain mail of poison resistance (worn)
 g - a +1 pair of boots (worn)
 F - a +1 hat of see invisible (worn)
 N - a scarf of resistance (worn)
 R - a +0 buckler (worn)
 T - a +2 pair of gloves of strength (worn)
Jewellery
 l - an uncursed ring of wizardry
 n - an uncursed ring of magical power
 o - a cursed ring of positive energy
 A - the amulet of the Four Winds (around neck) {rN+ MR+++ Clar}
   (You bought it in a shop on level 2 of the Orcish Mines)

   [amulet of nothing]

   It protects you from negative energy.
   It affects your resistance to hostile enchantments.
   It protects you against confusion.
 S - a +3 ring of strength (left hand)
 X - an uncursed amulet of faith
 Y - an uncursed ring of ice
 Z - the ring of Ecou (right hand) {rC- MR++ EV+2 Int+4}
   (You found it on level 5 of the Lair of Beasts)

   [ring of evasion]

   It affects your evasion (+2).
   It affects your intelligence (+4).
   It makes you vulnerable to cold.
   It affects your resistance to hostile enchantments.
Wands
 t - a wand of polymorph (32)
 v - a wand of flame (49)
 J - a wand of paralysis (31)
 K - a wand of digging (7)
 M - a wand of iceblast (22)
 O - a wand of acid (22)
 P - a wand of disintegration (22)
 U - a wand of enslavement (22)
 W - a wand of clouds (8)
Scrolls
 a - 2 scrolls of summoning
 b - 6 scrolls of amnesia
 h - 15 scrolls of fog
 j - a scroll of fear
 k - 7 scrolls of remove curse
 B - 8 scrolls of teleportation
 D - 2 scrolls of silence
 G - a scroll of vulnerability
 I - 5 scrolls of immolation
 L - 3 scrolls of magic mapping
 V - 3 scrolls of torment
Potions
 e - 6 potions of heal wounds
 f - 4 potions of agility
 i - 2 potions of degeneration {unknown}
 m - 14 potions of curing
 q - 5 potions of invisibility
 r - 4 potions of might
 s - 3 potions of cancellation
 u - a potion of berserk rage {unknown}
 w - 4 potions of brilliance
 x - 4 potions of lignification
 z - 7 potions of ambrosia
 C - 2 potions of mutation {unknown}
 E - 4 potions of flight {unknown}
 H - a potion of resistance {unknown}
 Q - a potion of magic {unknown}
Comestibles
 c - 52 rations


   Skills:
 - Level 12.4 Fighting
 - Level 11.5 Armour
 - Level 10.5 Dodging
 - Level 1.7 Stealth
 - Level 4.2 Shields
 - Level 10.4 Spellcasting
 - Level 15.0 Conjurations
 * Level 18.6 Summonings
 - Level 8.0 Invocations


You had 2 spell levels left.
You knew the following spells:

 Your Spells              Type           Power        Failure   Level  Hunger
a - Spellforged Servitor  Conj/Summ      ########..   4%          7    #####..
b - Call Imp              Summ           ########     0%          2    None
c - Call Canine Familiar  Summ           ########     0%          3    None
d - Summon Lightning Spi  Summ/Air       #######.     1%          4    None
e - Orb of Destruction    Conj           #######...   11%         7    #####..
f - Shadow Creatures      Summ           N/A          1%          6    ####...
g - Borgnjor's Vile Clut  Necr/Erth      ###.......   86%         5    None

Your spell library contained the following spells:

 Spells                   Type           Power        Failure   Level  Hunger
 Magic Dart               Conj           ####         0%          1    None
 Summon Small Mammal      Summ           ####         0%          1    None
 Foxfire                  Conj/Fire      ####         1%          1    None
 Searing Ray              Conj           ######       1%          2    None
 Beastly Appendage        Tmut           ###...       6%          1    None
 Corona                   Hex            ###....      6%          1    None
 Infusion                 Chrm           ###.         6%          1    None
 Sting                    Tmut/Pois      ###.         6%          1    None
 Ensorcelled Hibernation  Hex/Ice        ###...       9%          2    None
 Passwall                 Tmut/Erth      ###.....     9%          2    None
 Poisonous Vapours        Pois/Air       ###...       9%          2    None
 Shroud of Golubria       Chrm/Tloc      ###...       9%          2    None
 Song of Slaying          Chrm           ###.....     9%          2    None
 Sticks to Snakes         Tmut           ###.....     9%          2    None
 Swiftness                Chrm/Air       ###.....     9%          2    None
 Conjure Flame            Conj/Fire      ######..     1%          3    None
 Dazzling Flash           Conj/Hex       ######       1%          3    None
 Recall                   Summ/Tloc      N/A          1%          3    None
 Summon Guardian Golem    Hex/Summ       #######.     1%          3    None
 Summon Ice Beast         Ice/Summ       #######.     1%          4    None
 Mephitic Cloud           Conj/Pois/Air  ######..     2%          3    None
 Fulminant Prism          Conj/Hex       ######....   2%          4    None
 Iskenderun's Mystic Bla  Conj/Tloc      ######..     2%          4    None
 Irradiate                Conj/Tmut      ######....   8%          5    None
 Iskenderun's Battlesphe  Conj/Chrm      ######..     8%          5    None
 Confusing Touch          Hex            ###.....     19%         3    None
 Gell's Gravitas          Tloc           ###.......   19%         3    None
 Ignite Poison            Fire/Tmut/Pois ###.....     19%         3    None
 Ozocubu's Armour         Chrm/Ice       ###.....     19%         3    None
 Spectral Weapon          Hex/Chrm       ###.....     19%         3    None
 Spider Form              Tmut/Pois      ###.......   19%         3    None
 Tukima's Dance           Hex            ###.....     19%         3    None
 Bolt of Magma            Conj/Fire/Erth ######....   22%         5    None
 Conjure Ball Lightning   Conj/Air       ######....   38%         6    ####...
 Iron Shot                Conj/Erth      ######....   38%         6    ####...
 Animate Dead             Necr           N/A          52%         4    None
 Cause Fear               Hex            ###.......   52%         4    None
 Ice Form                 Ice/Tmut       ###.....     52%         4    None
 Olgreb's Toxic Radiance  Pois           ###.....     52%         4    None
 Passage of Golubria      Tloc           N/A          52%         4    None
 Petrify                  Tmut/Erth      ###.....     52%         4    None
 Freezing Cloud           Conj/Ice/Air   ######....   75%         6    ####...
 Blade Hands              Tmut           ###.......   86%         5    None
 Lee's Rapid Deconstruct  Erth           ###.......   86%         5    None
 Metabolic Englaciation   Hex/Ice        ###.......   86%         5    None
 Silence                  Hex/Air        ###.......   86%         5    None
 Yara's Violent Unravell  Hex/Tmut       ###.......   86%         5    None
 Dragon's Call            Summ           ########..   96%         9    #######
 Darkness                 Hex            ###.......   100%        6    ####...
 Death Channel            Necr           ###.......   100%        6    ####...
 Deflect Missiles         Chrm/Air       ###.......   100%        6    ####...
 Hydra Form               Tmut           ###.......   100%        6    ####...
 Invisibility             Hex            ###.....     100%        6    ####...
 Simulacrum               Ice/Necr       ###.......   100%        6    ####...
 Statue Form              Tmut/Erth      ###......    100%        6    ####...
 Dragon Form              Tmut           ###.......   100%        7    #####..
 Ring of Flames           Chrm/Fire      ###.......   100%        7    #####..
 Discord                  Hex            ###.......   100%        8    #######
 Tornado                  Air            ###.......   100%        9    #######


Dungeon Overview and Level Annotations

Branches:
Dungeon (15/15)            Temple (1/1) D:6            Lair (6/6) D:9
  Swamp (4/4) Lair:4       Spider (4/4) Lair:2        Slime (0/5) Lair:5
    Orc (2/2) D:11            Elf (0/3) Orc:2        Vaults (0/5) D:14
 Depths (0/5) D:15        Ossuary (visited)           IceCv (visited)

Altars:
Ashenzari
Cheibriados
Dithmenos
Elyvilon
Fedhas
Gozag
Hepliaklqana
Kikubaaqudgha
Makhleb
Nemelex Xobeh
Okawaru
Qazlal
Ru
Sif Muna
Trog
Uskayaw
Vehumet
Wu Jian
Xom
Yredelemnul
Zin
The Shining One
Beogh
Jiyva

Shops:
Orc:2 *(:=

Annotations:
D:4 exclusion: statue
D:7 1 runed translucent door, Crazy Yiuf


Innate Abilities, Weirdness & Mutations

You can be seen from farther away. (+LOS)
You can swim through water.
You cover ground slowly.
You can hop long distances.


Message History

The eight-headed hydra bites you!!
* * * LOW HITPOINT WARNING * * *
You block the eight-headed hydra's attack.
The spriggan druid misses you. The alligator misses you.
The alligator tail-slaps you but does no damage.
The tyrant leech bites your spellforged servitor!!
Your spellforged servitor launches a ball of destructive magic.
The wavering orb of destruction weakly hits the five-headed hydra!!!
The five-headed hydra is blown up!
Cheibriados appreciates the change of pace.
You hear a splash. x2
You feel much better. The alligator bites you!!
* * * LOW HITPOINT WARNING * * *
You block the alligator's attack.
You block the eight-headed hydra's attack.
The eight-headed hydra misses you. The eight-headed hydra bites you!
* * * LOW HITPOINT WARNING * * *
The eight-headed hydra bites you but does no damage. x2
The eight-headed hydra bites you!
You die...

≈≈§.. ♣≈≈≈♣ ≈≈ ≈≈.. ♣♣.≈.♣
≈≈≈. ♣♣.. ♣..♣♣♣ ≈≈≈≈♣
♣%.♣ ♣≈.≈♣♣♣♣ .≈≈≈. ♣♣♣§≈♣
♣♣♣♣≈≈≈♣♣ ♣≈..♣♣..≈♣♣
♣≈..≈♣ ♣%w.°≈).♣ ♣..♣♣♣
♣♣≈≈8≈it♣♣ ♣♣≈≈.♣
♣%≈≈≈§@§♣ ♣♣♣≈..♣♣
♣♣≈≈≈≈§D♣♣ ♣♣♣..♣♣♣♣♣
♣.≈≈≈≈.≈♣♣♣♣♣♣...♣≈≈≈.♣
♣♣§≈≈≈≈.♣♣♣.≈....≈≈≈≈≈.♣♣
♣♣..≈D≈≈≈♣ ♣≈≈....≈≈≈≈≈.≈♣
♣§.≈≈≈≈≈≈♣♣♣♣.<♣♣♣≈≈≈§≈.≈♣
♣.≈≈≈≈≈≈≈.♣ ♣♣♣♣♣♣§≈.≈≈≈≈.
♣.≈≈≈≈≈≈k≈♣ ♣≈...≈♣≈≈≈≈.
♣≈≈≈≈≈≈≈≈.♣♣ ♣♣.≈≈.♣♣.≈≈.♣


You could see an alligator, 2 eight-headed hydras, a tyrant leech, a spriggan
druid, a swamp drake and a friendly spellforged servitor.

Vanquished Creatures
  A thorn hunter (Swamp:2)
  A ghost moth (Spider:4)
  A stone giant (Orc:2)
  A spark wasp (Spider:3)
  An ogre mage (Orc:2)
  3 hydras
  Josephine (Spider:1)
  4 two-headed ogres
  5 alligators
  A centaur warrior (D:13)
  A death knight (D:14)
  Urug (Lair:4)
  A death yak (Lair:3)
  A deep elf knight (D:14)
  A spark wasp zombie (D:15)
  2 wizards
  A deep troll (Orc:2)
  An unseen horror (D:15)
  A wolf spider zombie (D:13)
  8 wolf spiders
  A manticore (D:13)
  4 elephants
  A guardian serpent (Lair:6)
  4 black mambas (Lair:6)
  A gargoyle (D:12)
  Joseph (D:9)
  12 spiny frogs
  3 demonic crawlers
  2 ice devils (IceCv)
  4 komodo dragons
  A meliai (D:15)
  3 tyrant leeches
  4 trolls
  11 jumping spiders
  7 hornets
  2 polar bears (Lair:6)
  2 bog bodies (Swamp:2)
  A wolf spider simulacrum (IceCv)
  A raiju (Lair:6)
  Grinder (D:6)
  6 blink frogs (Lair:2)
  4 hippogriffs
  9 slime creatures
  A dream sheep (Lair:6)
  23 redbacks
  A shadow (D:12)
  3 wyverns (Lair:6)
  3 spriggans
  14 tarantellas
  18 yaks
  A wraith (Spider:1)
  A hog (Spider:1)
  A death yak simulacrum (IceCv)
  A steam dragon (D:12)
  8 vampire mosquitoes
  2 wargs
  A hungry ghost (D:14)
  6 swamp worms
  2 insubstantial wisps
  12 water moccasins
  A swamp drake (Swamp:1)
  4 hell hounds (Lair:6)
  2 porcupines
  7 orc warriors
  3 sky beasts
  5 black bears (Lair:6)
  4 ice beasts
  A centaur (D:8)
  13 wolves
  12 ogres
  3 crocodiles
  2 big kobolds
  5 bullfrogs
  2 wyvern skeletons
  4 killer bees
  5 wights
  4 centaur zombies
  A hound (D:9)
  A quasit (D:11)
  5 crimson imps
  3 bullfrog skeletons
  5 centaur skeletons
  7 orc priests
  8 orc wizards
  4 iguanas
  A worker ant (D:14)
  A spriggan simulacrum (IceCv)
  A polar bear simulacrum (IceCv)
  2 hound zombies
  A mummy (Ossuary)
  A gnoll (D:7)
  5 adders
  2 shadow imps
  2 ufetubi (IceCv)
  2 oozes
  4 adder zombies
  A worm (D:2)
  A dart slug (D:5)
  6 leopard geckos
  23 orcs
  4 giant cockroaches
  12 goblins
  7 hobgoblins
  11 jackals
  5 kobolds
  2 quokkas
  A ball python (D:3)
  4 bats
  2 frilled lizards
  4 goblin zombies (Ossuary)
  A hobgoblin zombie (Ossuary)
  A kobold zombie (Ossuary)
  A quokka skeleton (D:9)
  A quokka zombie (Ossuary)
  4 rats
  3 rat zombies (Ossuary)
447 creatures vanquished.

Vanquished Creatures (collateral kills)
  An Ice Fiend (IceCv)
  Kirke (Spider:2)
  A thorn hunter (Swamp:1)
  An orc warlord (Orc:2)
  A ghost moth (Spider:4)
  6 emperor scorpions
  2 spark wasps
  2 vault guards (D:14)
  A ghost crab (Swamp:3)
  An ogre mage (Orc:2)
  16 hydras
  3 shambling mangroves
  Erica (D:9)
  7 two-headed ogres
  A death yak (Lair:3)
  8 alligators
  A vampire mage (D:15)
  A spriggan berserker (Swamp:3)
  Sonja (Lair:5)
  2 deep elf knights
  4 skeletal warriors
  An unseen horror (D:13)
  A storm dragon skeleton (D:15)
  8 swamp dragons
  A deep troll (Orc:2)
  2 spriggan druids
  5 orc knights
  A necromancer (D:15)
  A deep elf mage (D:13)
  4 oklob plants (Lair:5)
  A wolf spider zombie (D:14)
  2 orc sorcerers (D:14)
  14 orb spiders
  5 ugly things
  3 manticores
  10 elephants
  3 cyclopes
  14 wolf spiders
  2 ice statues (Swamp:1)
  2 moths of wrath
  9 black mambas
  3 torpor snails
  A rime drake (Lair:5)
  8 spiny frogs
  4 freezing wraiths
  12 demonic crawlers
  2 efreet
  5 komodo dragons
  A yaktaur skeleton (D:15)
  4 ice devils (IceCv)
  5 anaconda simulacra (IceCv)
  7 polar bears (Lair:6)
  A golden dragon simulacrum (IceCv)
  2 meliai (D:15)
  19 jumping spiders
  9 trolls
  17 hornets
  A hornet (shapeshifter) (D:15)
  2 tyrant leeches
  9 slime creatures
  5 blink frogs
  4 bog bodies
  2 dream sheep (D:8)
  4 hippogriffs
  A raiju (Lair:6)
  2 vampires
  4 spriggans
  A meliai zombie (D:13)
  3 shadows
  11 tarantellas
  A basilisk (Lair:1)
  3 dire elephant simulacra (IceCv)
  3 wraiths
  27 redbacks
  8 wyverns
  5 hogs
  A human (D:14)
  22 yaks
  Eustachio (D:5)
  A steam dragon (Lair:3)
  6 wargs
  2 death yak simulacra (IceCv)
  7 swamp worms
  6 insubstantial wisps
  An iron troll simulacrum (IceCv)
  18 vampire mosquitoes
  3 harpy simulacra (IceCv)
  2 hydra simulacra (IceCv)
  9 porcupines
  A soldier ant (D:11)
  11 hell hounds (Lair:6)
  5 swamp drakes
  8 water moccasins
  17 orc warriors
  A human skeleton (D:15)
  2 ice beasts (D:6)
  2 phantoms
  9 black bears
  13 ogres
  5 centaurs
  14 wolves
  8 crocodiles
  6 bullfrogs
  An elf zombie (Ossuary)
  2 big kobolds (D:8)
  A wyvern zombie (D:13)
  A scorpion (D:11)
  12 killer bees
  A swamp dragon simulacrum (IceCv)
  12 wights
  2 centaur zombies (Ossuary)
  4 howler monkeys
  2 bullfrog zombies
  2 draconian simulacra (IceCv)
  5 hounds
  3 crimson imps
  A jelly (D:11)
  11 orc priests
  Jessica (D:3)
  3 iguanas
  18 orc wizards
  9 worker ants
  A spriggan simulacrum (IceCv)
  2 troll simulacra (IceCv)
  A hound zombie (D:6)
  2 mummies (Ossuary)
  Robin (D:2)
  A worker ant zombie (D:3)
  3 gnolls (D:7)
  5 adders
  4 naga simulacra (IceCv)
  An ogre simulacrum (IceCv)
  5 white imps (IceCv)
  2 ufetubi (IceCv)
  An ooze (D:3)
  An adder zombie (Ossuary)
  A worm (D:1)
  A dart slug (D:2)
  43 orcs
  2 giant cockroaches (D:1)
  8 goblins
  2 jackals (D:7)
  2 bats
  A frilled lizard (D:1)
  A goblin zombie (Ossuary)
  2 hobgoblin zombies (Ossuary)
  3 jackal zombies (Ossuary)
  5 kobolds
  A kobold zombie (Ossuary)
  2 orc zombies (Ossuary)
  3 quokka zombies (Ossuary)
  A rat (D:1)
  A briar patch (Swamp:3)
  2 fungi (Lair:6)
  6 plants
  A withered plant (D:15)
737 creatures vanquished.

Vanquished Creatures (others)
  A hydra (Lair:5)
  A tyrant leech (Swamp:1)
  A human (Spider:2)
  An ufetubus (IceCv)
  3 briar patches (Swamp:3)
  4 fungi
  9 plants
  A withered plant (D:15)
21 creatures vanquished.

Grand Total: 1205 creatures vanquished

Notes
Turn   | Place    | Note
-------+----------+-------------------------------------------
     0 | D:1      | Nattfarinn the Barachi Summoner began the quest for the
                  | Orb.
     0 | D:1      | Reached XP level 1. HP: 13/13 MP: 3/3
   604 | D:1      | Reached XP level 2. HP: 14/20 MP: 5/5
   770 | D:1      | Reached skill level 1 in Armour
   770 | D:1      | Reached skill level 5 in Summonings
  1698 | D:1      | Learned a level 2 spell: Call Imp
  1771 | D:1      | Reached XP level 3. HP: 25/25 MP: 6/6
  1776 | D:1      | Learned a level 3 spell: Call Canine Familiar
  1959 | D:2      | Reached skill level 1 in Fighting
  2389 | D:2      | Noticed Robin
  2409 | D:2      | Killed Robin
  2409 | D:2      | Reached XP level 4. HP: 31/32 MP: 1/7
  2719 | D:2      | Found a sacrificial altar of Ru.
  3077 | D:3      | Found a blossoming altar of Fedhas.
  3093 | D:3      | Reached XP level 5. HP: 5/38 MP: 5/9
  3519 | D:3      | Noticed Jessica
  3528 | D:3      | Killed Jessica
  3776 | D:3      | Found an ornate altar of the Wu Jian Council.
  3890 | D:3      | Found a glowing silver altar of Zin.
  4242 | D:4      | Found a bloodstained altar of Trog.
  4405 | D:4      | Reached skill level 6 in Summonings
  4405 | D:4      | Reached XP level 6. HP: 44/44 MP: 6/10
  4550 | D:4      | Found a basalt altar of Yredelemnul.
  4633 | D:4      | Found a radiant altar of Vehumet.
  5071 | D:5      | Entered Level 5 of the Dungeon
  5343 | D:5      | Noticed Eustachio
  5353 | D:5      | Noticed a sky beast
  5363 | D:5      | Killed Eustachio
  5363 | D:5      | Reached XP level 7. HP: 40/52 MP: 5/12
  5923 | D:5      | Learned a level 4 spell: Summon Lightning Spire
  6254 | D:5      | Reached skill level 5 in Armour
  6254 | D:5      | Reached skill level 7 in Summonings
  6395 | D:6      | Noticed Grinder
  6397 | D:6      | Paralysed by Grinder for 5 turns
  6415 | D:6      | Killed Grinder
  6415 | D:6      | Reached XP level 8. HP: 27/60 MP: 1/13
  6424 | D:6      | Found a sand-covered staircase.
  6431 | Ossuary  | Entered an ossuary
  7649 | D:6      | Reached skill level 8 in Summonings
  7808 | D:6      | Found a staircase to the Ecumenical Temple.
  7875 | Temple   | Entered the Ecumenical Temple
  8793 | D:7      | Found a white marble altar of Elyvilon.
  8838 | D:7      | Reached skill level 5 in Dodging
  8838 | D:7      | Reached XP level 9. HP: 67/67 MP: 7/15
  8988 | D:7      | Found a shimmering blue altar of Sif Muna.
  9023 | D:7      | Reached skill level 5 in Fighting
  9502 | D:7      | Found a runed translucent door.
  9503 | D:7      | Noticed Crazy Yiuf
  9699 | D:8      | Found a stormy altar of Qazlal.
  9777 | D:8      | Reached skill level 9 in Summonings
  9788 | D:8      | Reached skill level 5 in Spellcasting
  9908 | D:8      | Noticed a two-headed hydra
  9929 | D:8      | Killed a two-headed hydra
 10408 | D:8      | Reached XP level 10. HP: 60/76 MP: 18/18
 10480 | D:8      | Found a shadowy altar of Dithmenos.
 10645 | D:8      | Reached skill level 10 in Summonings
 11032 | D:9      | Noticed Erica
 11036 | D:9      | Noticed a purple ugly thing
 11042 | D:9      | Killed Erica
 11050 | D:9      | Killed a purple ugly thing
 11187 | D:9      | Noticed Joseph
 11208 | D:9      | Killed Joseph
 11434 | D:9      | Found a staircase to the Lair.
 11555 | D:9      | Found a snail-covered altar of Cheibriados.
 11692 | D:9      | Became a worshipper of Cheibriados the Contemplative
 11814 | D:9      | Found a glowing golden altar of the Shining One.
 12004 | D:10     | Entered Level 10 of the Dungeon
 12138 | D:10     | Noticed a two-headed ogre
 12516 | D:10     | Reached skill level 10 in Armour
 12525 | D:10     | Killed a two-headed ogre
 12525 | D:10     | Reached skill level 11 in Summonings
 12545 | D:10     | Reached * piety under Cheibriados
 13487 | D:11     | Reached XP level 11. HP: 76/84 MP: 13/20
 13492 | D:11     | Noticed a manticore
 13499 | D:11     | Killed a manticore
 13540 | D:11     | Reached ** piety under Cheibriados
 13557 | D:11     | Found a staircase to the Orcish Mines.
 13625 | D:11     | Noticed a manticore
 13633 | D:11     | Killed a manticore
 14134 | D:11     | Reached *** piety under Cheibriados
 14289 | D:11     | Found a burning altar of Makhleb.
 14417 | Lair:1   | Entered Level 1 of the Lair of Beasts
 14520 | Lair:1   | Reached skill level 12 in Summonings
 14617 | Lair:1   | Noticed a five-headed hydra
 14627 | Lair:1   | Upgraded the game from 0.25-a0-435-g4b9beb1024 to
                  | 0.25-a0-443-gece2dee8bd
 14630 | Lair:1   | Killed a five-headed hydra
 15033 | Lair:1   | Noticed an eight-headed hydra
 15044 | Lair:1   | Killed an eight-headed hydra
 15490 | Lair:2   | Found a hole to the Spider Nest.
 15514 | Lair:2   | Reached **** piety under Cheibriados
 15800 | Lair:2   | Reached skill level 13 in Summonings
 16446 | Lair:2   | Reached ***** piety under Cheibriados
 16446 | Lair:2   | Reached XP level 12. HP: 79/95 MP: 11/23
 16541 | Lair:3   | Noticed an eight-headed hydra
 16545 | Lair:3   | Killed an eight-headed hydra
 17175 | Lair:3   | Noticed a death yak
 17175 | Lair:3   | Noticed a death yak
 17472 | Lair:4   | Found a staircase to the Swamp.
 17608 | Lair:4   | Noticed Urug
 17615 | Lair:4   | Reached skill level 14 in Summonings
 17628 | Lair:4   | Killed Urug
 18298 | Lair:5   | Killed an eight-headed hydra
 18407 | Lair:5   | Reached skill level 10 in Fighting
 18643 | Lair:5   | Reached ****** piety under Cheibriados
 18744 | Lair:5   | Found a viscous altar of Jiyva.
 18744 | Lair:5   | Found a staircase to the Slime Pits.
 18901 | Lair:5   | Reached skill level 10 in Dodging
 18901 | Lair:5   | Gained mutation: You can hop long distances. [Barachi
                  | growth]
 18901 | Lair:5   | Reached XP level 13. HP: 104/104 MP: 17/26
 18922 | Lair:5   | Reached skill level 15 in Summonings
 18926 | Lair:5   | Got a transparent tin ring
 18932 | Lair:5   | Identified the ring of Ecou {rC- MR++ EV+2 Int+4} (You
                  | found it on level 5 of the Lair of Beasts)
 18998 | Lair:5   | Noticed Sonja
 19058 | Lair:5   | Killed Sonja
 19460 | Lair:6   | Entered Level 6 of the Lair of Beasts
 19938 | Lair:6   | Reached skill level 1 in Invocations
 20622 | Lair:6   | Reached skill level 10 in Spellcasting
 20622 | Lair:6   | Reached skill level 16 in Summonings
 20810 | Lair:6   | Got a bronze ring mail
 20811 | Lair:6   | Identified the +4 ring mail of Gravity {Dex+5 Slay+2} (You
                  | found it on level 6 of the Lair of Beasts)
 22593 | Orc:1    | Entered Level 1 of the Orcish Mines
 22603 | Orc:1    | Reached XP level 14. HP: 114/114 MP: 22/28
 22623 | Orc:1    | Learned a level 7 spell: Spellforged Servitor
 22631 | Orc:1    | Learned a level 7 spell: Orb of Destruction
 22665 | Orc:1    | Found a roughly hewn altar of Beogh.
 22679 | Orc:1    | Reached skill level 1 in Conjurations
 23020 | Orc:2    | Entered Level 2 of the Orcish Mines
 23105 | Orc:2    | Noticed an orc warlord
 23118 | Orc:2    | Killed an orc warlord
 23477 | Orc:2    | Reached skill level 5 in Conjurations
 23632 | Orc:2    | Noticed a stone giant
 23644 | Orc:2    | Killed a stone giant
 23739 | Orc:2    | Found Hyboy's Book Shoppe.
 23744 | Orc:2    | Found Fafovvus's Assorted Antiques.
 23758 | Orc:2    | Found Jops's Jewellery Shop.
 23991 | Orc:2    | Found Casuyfy's Weapon Shoppe.
 24001 | Orc:2    | Bought the amulet of the Four Winds {rN+ MR+++ Clar} for
                  | 482 gold pieces
 24001 | Orc:2    | Found the amulet of the Four Winds {rN+ MR+++ Clar}
 24462 | Orc:2    | Found a staircase to the Elven Halls.
 25091 | Orc:2    | Bought a potion of heal wounds for 190 gold pieces
 25091 | Orc:2    | Bought a scroll of teleportation for 114 gold pieces
 25091 | Orc:2    | Bought a scroll labeled ORHEIR PAITUET for 38 gold pieces
 26270 | D:13     | Reached skill level 10 in Conjurations
 27850 | D:14     | Reached XP level 15. HP: 105/120 MP: 22/29
 27887 | D:14     | Found a gate to the Vaults.
 28283 | Orc:2    | Bought a book of Dreams for 1275 gold pieces
 28290 | Orc:2    | Learned a level 6 spell: Shadow Creatures
 28296 | Orc:2    | Learned a level 5 spell: Borgnjor's Vile Clutch
 28999 | D:15     | Entered Level 15 of the Dungeon
 29594 | D:15     | Found a staircase to the Depths.
 30789 | Spider:1 | Entered Level 1 of the Spider Nest
 31616 | Spider:1 | Noticed Josephine
 31621 | Spider:1 | Killed Josephine
 31803 | Spider:1 | Identified a scroll of acquirement
 31949 | Spider:2 | Noticed Kirke
 32238 | Spider:2 | Noticed a sphinx
 32238 | Spider:2 | Killed Kirke
 33619 | Spider:2 | Reached skill level 15 in Conjurations
 34135 | Spider:3 | Noticed an emperor scorpion
 34141 | Spider:3 | Killed an emperor scorpion
 35879 | Spider:4 | Entered Level 4 of the Spider Nest
 36276 | Spider:4 | Reached XP level 16. HP: 92/127 MP: 19/30
 36604 | Spider:4 | Reached skill level 17 in Summonings
 38161 | Spider:4 | Got a gossamer rune of Zot
 38284 | Spider:4 | Identified a +0 pair of boots of running (You found it on
                  | level 4 of the Spider Nest)
 38448 | Swamp:1  | Entered Level 1 of the Swamp
 38465 | Swamp:1  | Reached skill level 5 in Invocations
 38508 | Swamp:1  | Reached skill level 1 in Shields
 38727 | Swamp:1  | Found a frozen archway.
 38817 | IceCv    | Entered an ice cave
 39294 | IceCv    | Got a smoking golden amulet
 40138 | IceCv    | Noticed an Ice Fiend
 40170 | IceCv    | Killed an Ice Fiend
 40649 | IceCv    | Got a smoking falchion
 40653 | IceCv    | Got a pair of warped gloves
 40669 | IceCv    | Identified the +0 pair of gloves "Bomomyma" {Dex+2} (You
                  | found it in an ice cave)
 40826 | IceCv    | Identified the amulet "Qafus" {-Tele +Rage Dex+7} (You
                  | found it in an ice cave)
 40832 | IceCv    | Identified the +6 falchion of Fupaowio {speed, +Blink rC+
                  | rN+ Stlth+} (You found it in an ice cave)
 41101 | Swamp:1  | Noticed a thorn hunter
 41107 | Swamp:1  | Killed a thorn hunter
 41151 | Swamp:1  | Found the +8 mithril axe "Arga" {speed, MR+}
 41703 | Swamp:1  | Found a shadowy altar of Dithmenos.
 44713 | Swamp:3  | Noticed a thorn hunter
 45211 | Swamp:2  | Reached skill level 18 in Summonings
 45329 | Swamp:2  | Killed a thorn hunter
 45745 | Swamp:3  | Reached XP level 17. HP: 116/135 MP: 25/31
 46300 | Swamp:3  | Found the +7 pair of quick blades "Gyre" and "Gimble"
                  | {protect}
 46423 | Swamp:4  | Entered Level 4 of the Swamp
 46847 | Swamp:4  | HP: 6/135 [eight-headed hydra[a spriggan druid] (16)]
 46847 | Swamp:4  | Mangled by an eight-headed hydra

Levels and vault maps discovered:
D:1:      dpeg_arrival_brainrot, layout_basic
D:2:      layout_loops_ring, nicolae_ru_the_path_less_chosen,
          grunt_decor_arrowhead, uniq_robin
D:3:      layout_basic, fedhas_altar_2, lemuel_coloured_pillars_altar,
          lemuel_doored_altar, serial_forest, infiniplex_forest_lined_3,
          infiniplex_forest_clump_curved, infiniplex_forest_end_2,
          infiniplex_forest_straight_2, infiniplex_forest_clump_large,
          infiniplex_forest_clump_small, uniq_jessica
D:4:      layout_basic, marbit_many_paths, bloody_trog, vehumet_statue,
          minmay_fractal_squares_gapless_5
D:5:      layout_loops_ring, first_ration, uniq_eustachio
D:6:      layout_gridville, minmay_temple_entry_overgrown,
          lightli_ossuary_entry_decrepit_ruins, kennysheep_another_room,
          minivault_5, uniq_grinder
D:7:      layout_loops_ring, kennysheep_mini, elyvilon_altar_4,
          uniq_crazy_yiuf_cottage
D:8:      layout_cave_pools, nicolae_dithmenos_through_a_glass_darkly,
          nicolae_qazlal_general_emergency, hangedman_ranch
          [blue_anna_fruit_fields]
D:9:      layout_long_grid, tso_altar, kennysheep_little_box, lair_entry_dummy,
          uniq_erica, uniq_joseph
D:10:     layout_roguey, minmay_misc_feat_hallway, minmay_chambers_of_fives
D:11:     layout_loops_ring, erik_orc_4, basic_altar
D:12:     layout_irregular_city, serial_glass, glass_columns_a, glass_columns_a
D:13:     layout_rooms, minivault_14
D:14:     layout_stronghold, grunt_vaults_entry_fortified, solitary_fountain,
          eino_tiny_chamber
D:15:     gammafunk_depths_entry_grave, layout_loops_corners
Temple:   dpeg_chambers_temple
Lair:1:   layout_loops_ring, grunt_megastairs_4, infiniplex_staircase_pool,
          lemuel_fruit_tree
Lair:2:   layout_loops_ring, spider_nest_entry_a, serial_bayou_shore_a
Lair:3:   layout_cave_shapes, pond
Lair:4:   layout_long_grid, skrybe_swamp_entry_bodies, grunt_megastairs_3,
          uniq_urug
Lair:5:   layout_long_grid, dpeg_slime_entry_enclosed_altar,
          minmay_lair_oklob_chamber, uniq_sonja
Lair:6:   hangedman_lair_tendril_chambers, layout_cave_pods,
          hangedman_lair_caniforms_friends
Swamp:1:  layout_basic_swamp, portal_ice_cave_entry_ice_statue_two,
          nicolae_swamp_orc_logging_accident, swamp_pool4,
          nicolae_swamp_godswood
Swamp:2:  layout_basic_swamp, evilmike_swamp_ruin_rubble_1
Swamp:3:  cheibrodos_swamp_heart_of_darkness, layout_basic_swamp,
          infiniplex_staircase_pool_2
Swamp:4:  swamp, layout_basic_swamp, swamp_pool4
Spider:1: layout_spider_delve, uniq_josephine
Spider:2: layout_spider_delve, drop_trap, uniq_kirke
Spider:3: layout_spider_delve, hangedman_spider_tarantella_strand
Spider:4: guppyfry_spider_rune
Orc:1:    layout_caves, basic_altar
Orc:2:    st_orc_open, layout_caves

Skill      XL: |  1  2  3  4  5  6  7  8  9 10 11 12 13 14 15 16 17 |
---------------+----------------------------------------------------+-----
Armour         | 1 2 3 4 5 7 8 10 11 | 11.5
Summonings     | 5 6 7 8 9 11 13 14 16 18 | 18.6
Fighting       | 1 2 3 4 6 7 9 10 11 12 | 12.4
Dodging        | 3 4 5 6 7 8 10 | 10.5
Spellcasting   | 3 4 5 6 7 9 10 | 10.4
Invocations    | 3 4 7 8 |  8.0
Conjurations   | 11 15 | 15.0
Shields        | 4 |  4.2
Stealth        | |  1.7

Action                   |  1- 3 |  4- 6 |  7- 9 | 10-12 | 13-15 | 16-18 || total
-------------------------+-------+-------+-------+-------+-------+-------++-------
Melee: Club              |    42 |       |       |       |       |       ||    42
       Unarmed           |     3 |       |       |       |       |       ||     3
       Dagger            |   105 |   217 |   306 |       |       |       ||   628
       Spear             |       |       |    97 |   471 |  1082 |   423 ||  2073
 Cast: Summon Small Mamm |     9 |       |     4 |     1 |       |       ||    14
       Call Canine Famil |     5 |    11 |    24 |    45 |    55 |     3 ||   143
       Call Imp          |     1 |     5 |     3 |     9 |       |       ||    18
       Summon Lightning  |       |       |    32 |    97 |   129 |    89 ||   347
       Spellforged Servi |       |       |       |       |    38 |    59 ||    97
       Shadow Creatures  |       |       |       |       |     8 |     3 ||    11
       Orb of Destructio |       |       |       |       |       |     1 ||     1
Invok: Bend Time         |       |       |       |     1 |       |       ||     1
       Slouch            |       |       |       |       |     4 |       ||     4
 Abil: Hop               |       |       |     2 |     4 |     9 |     6 ||    21
  Use: Scroll            |       |     8 |     7 |    17 |    18 |    11 ||    61
       Potion            |       |       |     5 |     1 |     4 |     7 ||    17
 Stab: Sleeping          |     4 |     5 |     2 |     3 |       |       ||    14
       Distracted        |     1 |     1 |     3 |    15 |    38 |    17 ||    75
       Confused          |       |       |       |       |       |     1 ||     1
  Eat: Chunk             |     6 |    11 |    15 |    22 |    18 |     6 ||    78
       Ration            |       |       |     4 |     1 |     8 |     8 ||    21
Armor: Robe              |    47 |    25 |       |       |       |       ||    72
       Leather armour    |       |    79 |   135 |    18 |       |       ||   232
       Skin              |       |       |    22 |       |       |       ||    22
       Troll leather arm |       |       |       |   109 |       |       ||   109
       Chain mail        |       |       |       |       |   557 |   351 ||   908
Dodge: Dodged            |   108 |   176 |   236 |   695 |  1439 |   740 ||  3394
Block: Buckler           |       |       |       |       |       |   146 ||   146

Table legend:
 A = Non-vault XP
 B = Vault XP
 C = Vault XP percentage of total XP
 D = Non-vault monster count
 E = Vault monster count
 F = Vault count percentage of total count
                 A         B        C        D         E       F
            +---------+---------+-------+---------+---------+-------
      Total |  125024 |   65676 |  34.4 |     808 |     365 |  31.1
            +---------+---------+-------+---------+---------+-------
        D:1 |      32 |       3 |   8.6 |      20 |       1 |   4.8
        D:2 |      67 |      22 |  24.7 |      25 |      12 |  32.4
        D:3 |      99 |      19 |  16.1 |      19 |       1 |   5.0
        D:4 |     141 |     120 |  46.0 |       9 |       4 |  30.8
        D:5 |     387 |     121 |  23.8 |      17 |       1 |   5.6
        D:6 |     500 |     154 |  23.5 |      19 |       1 |   5.0
        D:7 |     540 |       0 |   0.0 |      18 |       0 |   0.0
        D:8 |     649 |    1552 |  70.5 |      15 |       8 |  34.8
        D:9 |    1565 |     722 |  31.6 |      36 |       2 |   5.3
       D:10 |    1595 |     405 |  20.2 |      18 |       5 |  21.7
       D:11 |    2016 |     411 |  16.9 |      23 |      16 |  41.0
       D:12 |    5478 |       0 |   0.0 |      39 |       0 |   0.0
       D:13 |    5990 |       0 |   0.0 |      28 |       0 |   0.0
       D:14 |    5178 |    4384 |  45.8 |      17 |      11 |  39.3
       D:15 |    6177 |    2748 |  30.8 |      38 |       8 |  17.4
     Lair:1 |    2547 |     778 |  23.4 |      19 |       3 |  13.6
     Lair:2 |    4241 |     611 |  12.6 |      26 |       4 |  13.3
     Lair:3 |    4992 |     245 |   4.7 |      24 |       3 |  11.1
     Lair:4 |    3640 |    1105 |  23.3 |      19 |       4 |  17.4
     Lair:5 |    5552 |    2047 |  26.9 |      29 |       8 |  21.6
     Lair:6 |    4857 |   12869 |  72.6 |      23 |      87 |  79.1
    Swamp:1 |   11774 |     476 |   3.9 |      41 |       2 |   4.7
    Swamp:2 |   15171 |       0 |   0.0 |      51 |       0 |   0.0
    Swamp:3 |    2772 |    2996 |  51.9 |      13 |       8 |  38.1
    Swamp:4 |    4756 |       0 |   0.0 |      16 |       0 |   0.0
   Spider:1 |    5782 |    1542 |  21.1 |      25 |       9 |  26.5
   Spider:2 |    5795 |    1266 |  17.9 |      26 |       2 |   7.1
   Spider:3 |   10292 |     101 |   1.0 |      42 |       1 |   2.3
   Spider:4 |    6897 |   14234 |  67.4 |      31 |      44 |  58.7
      Orc:1 |    2264 |       0 |   0.0 |      26 |       0 |   0.0
      Orc:2 |    3278 |   10680 |  76.5 |      56 |      37 |  39.8
    Ossuary |       0 |     304 | 100.0 |       0 |      34 | 100.0
      IceCv |       0 |    5761 | 100.0 |       0 |      49 | 100.0
            +---------+---------+-------+---------+---------+-------
